AoeStats
← Edward

Fortress

509047135Analyzed
4v4 RM · 7d ago on Sep 25, 2026· 38m 11s· 8 players
Game mode
Random Map
Map size
Huge
Population
200
Speed
Normal
Resources
Standard
Victory
Conquest
Starting age
Dark Age
Ending age
Imperial Age
RankedLock teamsTeams togetherTeam positionsShared explorationLock speedFull tech treeHidden civsTurbo modeCheats
Victory
Defeat
🇻🇳 Romans · Vietnam
927
+8
🇹🇼 Varangians · Taiwan
678
+18
🇰🇷 Saxons · South Korea
646
+19
🇺🇸 Burgundians · United States
643
+19
🇨🇳 Danes · China
768
-18
🇨🇳 Britons · China
718
-16
🇹🇼 Berbers · Taiwan
707
-15
🇹🇼 Vietnamese · Taiwan
691
-15
Misaka Mikoto
7:13 Feudal Age
7:34 Horse Collar
7:40 Double-Bit Axe
11:33 Arson
14:08 Castle Age
12:02 Gold Mining
12:20 Arson
12:52 Loom
13:38 Scale Mail Armor
13:48 Forging
13:40 Stone Mining
16:45 Bow Saw
17:39 Wheelbarrow
17:58 Gold Shaft Mining
17:36 Stone Mining
18:13 Fervor
23:57 Imperial Age
21:26 Town Watch
22:24 Chain Mail Armor
23:27 Squires
24:05 Iron Casting
23:23 Fletching
25:52 Conscription
27:02 Hamask
27:48 Elite Varangian Guard
29:28 Elite Jomsviking
victor29392389
6:42 Feudal Age
8:15 Wheelbarrow
13:32 Arson
13:08 Man-at-Arms
19:25 Forging
19:18 Scale Mail Armor
26:00 Castle Age
24:03 Double-Bit Axe
25:27 Horse Collar
29:01 Bow Saw
29:12 Hand Cart
Edward
7:15 Feudal Age
7:45 Double-Bit Axe
7:43 Horse Collar
8:27 Gold Mining
15:54 Castle Age
14:26 Stone Mining
21:18 Bow Saw
21:11 Heavy Plow
21:16 Pikeman
21:56 Squires
30:46 Ballistics
30:23 Murder Holes
沈玩
10:08 Feudal Age
12:07 Double-Bit Axe
12:07 Horse Collar
17:43 Castle Age
16:47 Gold Mining
16:47 Stone Mining
17:02 Stone Mining
22:13 Heavy Plow
24:00 Bow Saw
27:08 Gold Shaft Mining
27:26 Forging
27:17 Scale Mail Armor
27:22 Scale Barding Armor
30:55 Imperial Age
28:20 Treadmill Crane
33:08 Conscription
32:09 Elite Longbowman
33:48 Wheelbarrow
35:42 Hand Cart
36:14 Forging
36:05 Scale Mail Armor
36:11 Scale Barding Armor
36:07 Padded Archer Armor
35:57 Fletching
JTrainGotYou
2:16 Loom
3:57 Double-Bit Axe
5:21 Horse Collar
8:10 Wheelbarrow
9:30 Feudal Age
10:12 Gold Mining
10:44 Loom
13:43 Heavy Plow
13:56 Bow Saw
16:05 Gold Shaft Mining
18:00 Castle Age
17:47 Scale Barding Armor
18:37 Caravan
21:43 Cavalier
22:24 Husbandry
23:20 Forging
23:33 Chain Barding Armor
26:24 Scale Mail Armor
27:29 Iron Casting
27:20 Fortified Wall
29:32 Crop Rotation
33:37 Imperial Age
33:56 Paladin
35:39 Blast Furnace
35:17 Plate Barding Armor
34:50 Capped Ram
36:35 Two-Man Saw
iiiqq-qwzaa---q
6:52 Feudal Age
7:20 Double-Bit Axe
8:13 Wheelbarrow
7:28 Horse Collar
15:17 Castle Age
14:57 Stone Mining
16:31 Bow Saw
16:48 Hand Cart
18:11 Gold Mining
19:51 Stone Shaft Mining
22:22 Scale Barding Armor
22:28 Forging
27:29 Imperial Age
26:45 Vendel Legacy
27:50 Chain Barding Armor
29:51 Plate Barding Armor
29:52 Iron Casting
32:47 Elite Jarl
34:48 Blast Furnace
36:23 Two-Man Saw
35:30 Heavy Plow
36:14 Caravan
phihanoi
0:50 Loom
8:41 Feudal Age
8:46 Man-at-Arms
10:05 Wheelbarrow
9:18 Double-Bit Axe
9:19 Horse Collar
18:45 Castle Age
18:22 Gold Mining
20:30 Bow Saw
28:36 Imperial Age
28:34 Heavy Plow
31:51 Heavy Scorpion
32:56 Ballistics
33:36 Chemistry
33:59 Padded Archer Armor
33:50 Fletching
37:41 Leather Archer Armor
37:22 Bodkin Arrow
37:37 Forging
37:33 Scale Barding Armor
tuck205
2:19 Loom
10:15 Feudal Age
11:51 Wheelbarrow
11:04 Horse Collar
11:10 Double-Bit Axe
21:45 Castle Age
19:44 Man-at-Arms
20:40 Forging
21:34 Arson
21:54 Scale Mail Armor
22:04 Gold Mining
22:45 Hand Cart
22:55 Bow Saw
23:56 Heavy Plow
25:39 Iron Casting
26:39 Chain Mail Armor
32:38 Imperial Age
31:07 Caravan
32:47 Elite Hearth Troop
33:50 Conscription
35:19 Plate Mail Armor
34:36 Long Swordsman
34:37 Pikeman
35:17 Squires
37:04 Shield Wall
Connection lost

Rejoining the realm…

Still unreachable

The connection could not be restored.

Session expired

The server has moved on; the page needs a fresh start.